AoeStats
← jamigov

Arena

508745842Analyzed
2v2 RM · 7d ago on Sep 23, 2026· 36m 3s· 4 players
Game mode
Random Map
Map size
Medium (4 player)
Population
200
Speed
Normal
Resources
Standard
Victory
Conquest
Starting age
Dark Age
Ending age
Imperial Age
RankedLock teamsTeams togetherTeam positionsShared explorationLock speedFull tech treeHidden civsTurbo modeCheats
Victory
Defeat
🇮🇪 Italians · Ireland
1160
+17
🇪🇸 Teutons · Spain
1158
+18
🇵🇪 Vietnamese · Peru
1205
-18
🇲🇦 Celts · Morocco
1179
-17
jamigov
11:15 Feudal Age
9:31 Loom
12:37 Loom
15:21 Castle Age
13:30 Double-Bit Axe
13:28 Horse Collar
14:28 Gold Mining
16:16 Wheelbarrow
15:40 Stone Mining
17:36 Bow Saw
21:39 Sanctity
22:49 Town Watch
24:50 Scale Barding Armor
24:35 Fletching
25:54 Bloodlines
28:17 Chain Barding Armor
DiWiT
10:47 Feudal Age
10:54 Loom
12:07 Double-Bit Axe
14:50 Castle Age
12:44 Horse Collar
13:04 Gold Mining
14:13 Horse Collar
17:04 Fletching
18:51 Wheelbarrow
18:11 Town Watch
19:04 Wheelbarrow
19:14 Horse Collar
25:23 Bodkin Arrow
29:13 Imperial Age
27:58 Scale Mail Armor
28:43 Forging
29:11 Masonry
29:21 Bow Saw
29:48 Chain Mail Armor
31:27 Conscription
32:54 Plate Mail Armor
32:27 Squires
33:40 Hoardings
33:59 Architecture
36:19 Iron Casting
36:17 Bracer
llspritell
13:57 Feudal Age
14:38 Double-Bit Axe
15:09 Loom
18:32 Castle Age
16:55 Stone Mining
23:45 Fletching
24:18 Gold Mining
24:34 Padded Archer Armor
27:10 Wheelbarrow
27:27 Horse Collar
31:58 Imperial Age
30:28 Heavy Plow
31:06 Bow Saw
31:23 Masonry
31:58 Leather Archer Armor
31:23 Elite Skirmisher
31:57 Town Watch
33:42 Chemistry
33:20 Ballistics
33:52 Bodkin Arrow
35:54 Scale Mail Armor
36:04 Forging
36:00 Scale Barding Armor
[ALWM]jinikoro
12:48 Feudal Age
13:36 Double-Bit Axe
17:22 Castle Age
22:26 Scale Mail Armor
36:22 Loom
Connection lost

Rejoining the realm…

Still unreachable

The connection could not be restored.

Session expired

The server has moved on; the page needs a fresh start.